[ AOE2 MATCH · #461610331 ]
UnrankedHindustanis vs Mapuche
[ REPLAY ANALYSIS · EXTRACTED FROM THE RECORDED GAME ]
Feudal
8:26
Castle
23:26
Imperial
39:06
| APM avg | 76.4 |
| APM peak | 162 |
| eAPM avg | 31.7 |
| Villagers / military | 131 / 96 |
Focus
⚔️ 56.1% · 🌾 43.9%
Camel Scout ×68 · Scout Cavalry ×28
Feudal
9:51
Castle
26:03
Imperial
—
| APM avg | 94.8 |
| APM peak | 175 |
| eAPM avg | 61.8 |
| Villagers / military | 89 / 125 |
Focus
⚔️ 79.1% · 🌾 20.9%
Bolas Rider ×78 · Archer ×38 · Skirmisher ×7 · Spearman ×2
Feudal
8:27
Castle
23:21
Imperial
39:59
| APM avg | 54.7 |
| APM peak | 89 |
| eAPM avg | 23.1 |
| Villagers / military | 76 / 92 |
Focus
⚔️ 38.2% · 🌾 61.8%
Archer ×91 · Monk ×1
Feudal
9:29
Castle
24:15
Imperial
—
| APM avg | 46.8 |
| APM peak | 99 |
| eAPM avg | 18.7 |
| Villagers / military | 92 / 40 |
Focus
⚔️ 30.3% · 🌾 69.7%
Knight ×19 · Scout Cavalry ×19 · Mangonel ×2
Match map
Initial resources + every placement click. Lines = walls · curves = elevation contours. ◆ gold · ⬟ stone · ● berries · ✦ relic · ◌ wall gap
Inputs per minute
— Chill - - AlberHanibal
Build order — Chill
First 150 of 366 actions detected
| 0:01 | Create | Villager (Male) |
| 0:02 | Build | House |
| 0:03 | Build | House |
| 0:06 | Create | Villager (Male) |
| 0:07 | Create | Villager (Male) |
| 0:09 | Create | Villager (Male) |
| 1:04 | Create | Villager (Male) |
| 1:35 | Create | Villager (Male) |
| 2:01 | Create | Villager (Male) |
| 2:10 | Build | Lumber Camp |
| 2:30 | Create | Villager (Male) |
| 2:56 | Build | House |
| 3:02 | Create | Villager (Male) |
| 3:41 | Create | Villager (Male) |
| 3:57 | Create | Villager (Male) |
| 4:24 | Create | Villager (Male) |
| 4:38 | Create | Villager (Male) |
| 5:05 | Create | Villager (Male) |
| 5:35 | Build | Mill |
| 5:41 | Create | Villager (Male) |
| 6:13 | Research | Feudal Age |
| 6:15 | Research | Loom |
| 6:55 | Create | Villager (Male) |
| 7:22 | Build | Barracks |
| 8:01 | Build | House |
| 8:26 | Age | Feudal Age |
| 8:28 | Build | Stable |
| 8:38 | Research | Double-Bit Axe |
| 8:52 | Create | Villager (Male) |
| 9:22 | Create | Villager (Male) |
| 9:34 | Build | House |
| 9:34 | Create | Scout Cavalry |
| 9:51 | Create | Villager (Male) |
| 9:55 | Build | Palisade Gate |
| 10:15 | Build | House |
| 10:17 | Build | Palisade Wall |
| 10:19 | Create | Villager (Male) |
| 10:28 | Create | Villager (Male) |
| 10:55 | Create | Scout Cavalry |
| 10:56 | Create | Villager (Male) |
| 11:15 | Create | Scout Cavalry |
| 11:18 | Build | Farm |
| 11:29 | Build | Farm |
| 11:31 | Build | Farm |
| 11:33 | Create | Villager (Male) |
| 11:43 | Create | Scout Cavalry |
| 11:59 | Create | Villager (Male) |
| 12:08 | Build | House |
| 12:12 | Build | Farm |
| 12:14 | Create | Villager (Male) |
| 12:15 | Build | Farm |
| 12:42 | Create | Villager (Male) |
| 12:49 | Create | Scout Cavalry |
| 12:58 | Build | Farm |
| 13:02 | Create | Scout Cavalry |
| 13:07 | Build | Blacksmith |
| 13:08 | Create | Villager (Male) |
| 13:17 | Build | Farm |
| 13:19 | Build | Farm |
| 13:36 | Create | Scout Cavalry |
| 13:42 | Create | Villager (Male) |
| 13:49 | Research | Scale Barding Armor |
| 14:01 | Create | Scout Cavalry |
| 14:11 | Build | Farm |
| 14:13 | Build | Farm |
| 14:15 | Create | Villager (Male) |
| 14:29 | Create | Villager (Male) |
| 14:45 | Build | House |
| 14:51 | Create | Villager (Male) |
| 15:02 | Create | Villager (Male) |
| 15:03 | Create | Scout Cavalry |
| 15:18 | Create | Scout Cavalry |
| 15:34 | Build | Farm |
| 15:35 | Build | Farm |
| 15:36 | Create | Villager (Male) |
| 15:38 | Build | Farm |
| 15:50 | Create | Villager (Male) |
| 16:07 | Create | Scout Cavalry |
| 16:10 | Create | Villager (Male) |
| 16:20 | Create | Scout Cavalry |
| 16:24 | Build | Mining Camp |
| 16:24 | Create | Villager (Male) |
| 16:35 | Create | Villager (Male) |
| 16:38 | Build | Farm |
| 16:40 | Build | House |
| 16:41 | Build | House |
| 17:08 | Create | Scout Cavalry |
| 17:12 | Build | Farm |
| 17:12 | Create | Villager (Male) |
| 17:28 | Create | Villager (Male) |
| 17:29 | Create | Scout Cavalry |
| 17:30 | Build | Farm |
| 17:32 | Build | Farm |
| 17:33 | Build | Farm |
| 17:39 | Create | Villager (Male) |
| 17:55 | Create | Villager (Male) |
| 18:22 | Create | Scout Cavalry |
| 18:24 | Research | Bloodlines |
| 18:29 | Create | Scout Cavalry |
| 18:39 | Create | Villager (Male) |
| 18:47 | Create | Villager (Male) |
| 19:21 | Build | Market |
| 19:23 | Create | Villager (Male) |
| 19:31 | Create | Scout Cavalry |
| 19:40 | Create | Scout Cavalry |
| 20:06 | Create | Scout Cavalry |
| 20:13 | Create | Villager (Male) |
| 20:46 | Research | Castle Age |
| 21:17 | Build | Stable |
| 21:19 | Create | Villager (Male) |
| 21:21 | Build | Farm |
| 21:26 | Create | Scout Cavalry |
| 21:27 | Create | Scout Cavalry |
| 21:33 | Build | Stable |
| 21:38 | Create | Villager (Male) |
| 21:43 | Research | Horse Collar |
| 21:56 | Build | Lumber Camp |
| 21:57 | Create | Villager (Male) |
| 22:12 | Create | Scout Cavalry |
| 22:16 | Create | Scout Cavalry |
| 22:16 | Create | Scout Cavalry |
| 22:19 | Build | Farm |
| 22:19 | Build | Farm |
| 22:26 | Create | Villager (Male) |
| 22:38 | Create | Scout Cavalry |
| 23:03 | Create | Scout Cavalry |
| 23:16 | Create | Scout Cavalry |
| 23:19 | Create | Scout Cavalry |
| 23:26 | Age | Castle Age |
| 23:32 | Research | Light Cavalry (upgrade) |
| 23:44 | Create | Villager (Male) |
| 23:55 | Research | Chain Barding Armor |
| 24:04 | Create | Villager (Male) |
| 24:07 | Build | House |
| 24:35 | Build | Town Center |
| 24:37 | Create | Villager (Male) |
| 24:40 | Build | House |
| 24:46 | Create | Camel Scout |
| 24:46 | Create | Camel Scout |
| 24:56 | Research | Wheelbarrow |
| 25:08 | Create | Villager (Male) |
| 25:25 | Create | Camel Scout |
| 25:25 | Create | Camel Scout |
| 25:28 | Create | Villager (Male) |
| 25:36 | Build | Lumber Camp |
| 25:37 | Create | Villager (Male) |
| 25:44 | Build | Building 796 |
| 25:46 | Create | Villager (Male) |
| 25:51 | Build | Town Center |
| 25:53 | Create | Villager (Male) |
Build order — AlberHanibal
First 150 of 345 actions detected
| 0:01 | Create | Villager (Male) |
| 0:01 | Create | Villager (Male) |
| 0:02 | Build | House |
| 0:03 | Build | House |
| 0:11 | Create | Villager (Male) |
| 0:11 | Create | Villager (Male) |
| 1:24 | Create | Villager (Male) |
| 1:45 | Build | Settlement |
| 1:54 | Create | Villager (Male) |
| 1:54 | Create | Villager (Male) |
| 2:19 | Create | Villager (Male) |
| 2:44 | Create | Villager (Male) |
| 2:45 | Create | Villager (Male) |
| 2:59 | Create | Villager (Male) |
| 3:46 | Create | Villager (Male) |
| 3:47 | Create | Villager (Male) |
| 4:04 | Create | Villager (Male) |
| 4:20 | Create | Villager (Male) |
| 4:43 | Create | Villager (Male) |
| 5:22 | Create | Villager (Male) |
| 5:22 | Create | Villager (Male) |
| 5:49 | Create | Villager (Male) |
| 6:15 | Create | Villager (Male) |
| 6:23 | Build | House |
| 6:27 | Create | Villager (Male) |
| 6:35 | Research | Loom |
| 6:43 | Build | House |
| 7:00 | Create | Villager (Male) |
| 7:17 | Build | Settlement |
| 7:29 | Build | Palisade Wall |
| 7:41 | Research | Feudal Age |
| 7:41 | Research | Feudal Age |
| 8:41 | Build | Barracks |
| 8:52 | Build | Palisade Wall |
| 9:08 | Create | Villager (Male) |
| 9:51 | Age | Feudal Age |
| 9:54 | Build | Archery Range |
| 9:56 | Build | Archery Range |
| 9:57 | Create | Villager (Male) |
| 10:02 | Research | Town Watch |
| 10:27 | Create | Villager (Male) |
| 10:36 | Create | Spearman |
| 10:49 | Create | Archer |
| 11:03 | Create | Archer |
| 11:04 | Create | Archer |
| 11:12 | Build | Settlement |
| 11:20 | Create | Archer |
| 11:22 | Create | Spearman |
| 11:44 | Create | Villager (Male) |
| 11:45 | Create | Villager (Male) |
| 11:58 | Create | Archer |
| 12:02 | Build | Palisade Wall |
| 12:30 | Create | Archer |
| 12:30 | Create | Archer |
| 12:31 | Create | Archer |
| 12:31 | Create | Archer |
| 12:32 | Create | Archer |
| 12:38 | Build | Blacksmith |
| 12:39 | Build | House |
| 12:40 | Create | Villager (Male) |
| 12:48 | Create | Archer |
| 12:49 | Create | Archer |
| 13:10 | Create | Villager (Male) |
| 13:11 | Create | Archer |
| 13:11 | Create | Archer |
| 13:37 | Create | Villager (Male) |
| 13:38 | Create | Archer |
| 13:38 | Create | Archer |
| 13:58 | Create | Archer |
| 13:58 | Create | Archer |
| 13:59 | Create | Villager (Male) |
| 14:05 | Build | Farm |
| 14:19 | Build | House |
| 14:19 | Build | House |
| 14:19 | Build | House |
| 14:19 | Build | House |
| 14:19 | Build | House |
| 14:26 | Research | Fletching |
| 14:26 | Research | Fletching |
| 14:32 | Build | Farm |
| 14:36 | Create | Villager (Male) |
| 14:36 | Create | Villager (Male) |
| 14:38 | Build | Farm |
| 14:39 | Build | Farm |
| 14:41 | Build | Farm |
| 15:15 | Create | Archer |
| 15:15 | Create | Archer |
| 15:17 | Create | Villager (Male) |
| 15:18 | Create | Villager (Male) |
| 15:31 | Build | House |
| 15:44 | Build | House |
| 15:51 | Build | House |
| 15:53 | Create | Archer |
| 15:54 | Create | Archer |
| 15:54 | Create | Villager (Male) |
| 15:54 | Create | Villager (Male) |
| 16:02 | Build | House |
| 16:06 | Create | Archer |
| 16:06 | Create | Archer |
| 16:15 | Create | Villager (Male) |
| 16:23 | Create | Skirmisher |
| 16:23 | Create | Skirmisher |
| 17:05 | Create | Villager (Male) |
| 17:06 | Create | Villager (Male) |
| 17:06 | Create | Archer |
| 17:06 | Create | Archer |
| 17:15 | Research | Padded Archer Armor |
| 17:21 | Create | Skirmisher |
| 17:21 | Create | Skirmisher |
| 17:21 | Create | Archer |
| 17:38 | Create | Villager (Male) |
| 17:38 | Create | Villager (Male) |
| 18:23 | Create | Skirmisher |
| 18:24 | Create | Skirmisher |
| 18:24 | Create | Skirmisher |
| 18:24 | Create | Archer |
| 18:24 | Create | Archer |
| 18:24 | Create | Villager (Male) |
| 18:25 | Create | Villager (Male) |
| 18:48 | Create | Archer |
| 18:49 | Create | Archer |
| 19:03 | Create | Villager (Male) |
| 19:03 | Create | Villager (Male) |
| 19:04 | Create | Archer |
| 19:04 | Create | Archer |
| 19:15 | Create | Archer |
| 19:15 | Create | Archer |
| 20:00 | Create | Villager (Male) |
| 20:00 | Create | Villager (Male) |
| 20:03 | Build | Market |
| 20:17 | Build | Farm |
| 20:17 | Build | Farm |
| 20:59 | Create | Villager (Male) |
| 20:59 | Create | Villager (Male) |
| 21:06 | Build | House |
| 21:06 | Build | House |
| 21:14 | Build | Stone Wall |
| 21:18 | Build | Building 487 |
| 21:23 | Build | Stone Wall |
| 21:41 | Create | Villager (Male) |
| 21:42 | Create | Archer |
| 21:52 | Create | Villager (Male) |
| 22:12 | Build | Farm |
| 22:37 | Build | House |
| 22:48 | Build | Stone Wall |
| 23:23 | Research | Castle Age |
| 23:24 | Research | Castle Age |
| 23:29 | Build | Archery Range |
| 23:38 | Create | Villager (Male) |
| 24:02 | Build | Farm |
Build order — The Immortal
First 150 of 276 actions detected
| 0:00 | Create | Villager (Male) |
| 0:01 | Create | Villager (Male) |
| 0:01 | Build | House |
| 0:02 | Build | House |
| 0:05 | Create | Villager (Male) |
| 0:05 | Create | Villager (Male) |
| 1:27 | Create | Villager (Male) |
| 1:57 | Create | Villager (Male) |
| 2:12 | Build | Lumber Camp |
| 2:28 | Create | Villager (Male) |
| 2:50 | Create | Villager (Male) |
| 3:07 | Build | House |
| 3:22 | Create | Villager (Male) |
| 3:22 | Create | Villager (Male) |
| 4:05 | Create | Villager (Male) |
| 4:32 | Create | Villager (Male) |
| 4:55 | Create | Villager (Male) |
| 5:10 | Build | Mining Camp |
| 5:23 | Create | Villager (Male) |
| 5:44 | Research | Loom |
| 6:17 | Research | Feudal Age |
| 7:32 | Create | Villager (Male) |
| 7:35 | Build | Barracks |
| 7:46 | Build | House |
| 8:27 | Age | Feudal Age |
| 8:40 | Build | Archery Range |
| 8:52 | Build | Archery Range |
| 8:54 | Build | Archery Range |
| 8:54 | Create | Villager (Male) |
| 9:27 | Create | Villager (Male) |
| 9:38 | Build | Mill |
| 9:49 | Create | Archer |
| 9:49 | Create | Archer |
| 9:55 | Build | House |
| 9:58 | Build | Building 804 |
| 10:22 | Create | Archer |
| 10:22 | Create | Archer |
| 10:34 | Build | Market |
| 10:51 | Create | Archer |
| 10:51 | Create | Archer |
| 10:57 | Build | House |
| 11:13 | Create | Archer |
| 11:36 | Build | House |
| 11:39 | Create | Archer |
| 11:39 | Create | Archer |
| 11:48 | Build | Blacksmith |
| 11:59 | Create | Villager (Male) |
| 12:09 | Build | Palisade Wall |
| 12:38 | Create | Archer |
| 12:38 | Create | Archer |
| 12:52 | Research | Fletching |
| 12:56 | Create | Archer |
| 12:57 | Create | Archer |
| 12:57 | Create | Villager (Male) |
| 13:35 | Create | Archer |
| 13:35 | Create | Archer |
| 13:36 | Create | Villager (Male) |
| 13:37 | Create | Archer |
| 14:09 | Create | Archer |
| 14:09 | Create | Archer |
| 14:11 | Create | Villager (Male) |
| 14:18 | Create | Villager (Male) |
| 14:31 | Create | Archer |
| 14:31 | Create | Archer |
| 15:13 | Create | Archer |
| 15:13 | Create | Archer |
| 15:17 | Create | Villager (Male) |
| 15:27 | Build | Farm |
| 15:28 | Create | Villager (Male) |
| 15:37 | Build | Archery Range |
| 15:52 | Create | Villager (Male) |
| 15:55 | Create | Archer |
| 16:12 | Build | House |
| 16:14 | Build | House |
| 16:21 | Create | Villager (Male) |
| 16:22 | Create | Archer |
| 16:48 | Create | Villager (Male) |
| 17:10 | Create | Villager (Male) |
| 17:12 | Build | Farm |
| 17:13 | Build | Farm |
| 17:13 | Build | Farm |
| 17:14 | Create | Archer |
| 17:25 | Create | Villager (Male) |
| 17:28 | Research | Double-Bit Axe |
| 17:43 | Build | Farm |
| 17:44 | Build | Farm |
| 18:22 | Create | Archer |
| 18:22 | Create | Archer |
| 18:23 | Create | Villager (Male) |
| 18:28 | Build | Farm |
| 18:28 | Build | Farm |
| 19:08 | Create | Villager (Male) |
| 19:10 | Build | Farm |
| 19:10 | Build | Farm |
| 19:10 | Build | Farm |
| 19:37 | Create | Villager (Male) |
| 19:41 | Build | House |
| 19:44 | Build | Palisade Wall |
| 19:48 | Build | Palisade Wall |
| 20:41 | Research | Castle Age |
| 21:06 | Create | Villager (Male) |
| 21:08 | Build | House |
| 21:16 | Create | Archer |
| 21:16 | Create | Archer |
| 21:18 | Build | Archery Range |
| 21:24 | Build | Palisade Wall |
| 21:39 | Create | Archer |
| 21:39 | Create | Archer |
| 22:01 | Create | Archer |
| 22:01 | Create | Archer |
| 22:11 | Research | Gold Mining |
| 22:15 | Create | Archer |
| 22:15 | Create | Archer |
| 22:36 | Build | House |
| 22:37 | Build | House |
| 22:38 | Build | House |
| 22:50 | Build | Lumber Camp |
| 22:57 | Create | Archer |
| 23:01 | Create | Archer |
| 23:20 | Create | Archer |
| 23:20 | Create | Archer |
| 23:21 | Age | Castle Age |
| 23:23 | Research | Crossbowman (upgrade) |
| 23:29 | Research | Bodkin Arrow |
| 23:54 | Create | Archer |
| 23:54 | Create | Archer |
| 23:55 | Create | Villager (Male) |
| 24:08 | Create | Archer |
| 24:08 | Create | Archer |
| 24:46 | Create | Archer |
| 24:47 | Create | Archer |
| 24:49 | Create | Villager (Male) |
| 24:50 | Create | Archer |
| 24:50 | Create | Archer |
| 24:50 | Create | Archer |
| 25:02 | Research | Bow Saw |
| 25:07 | Build | University |
| 25:18 | Create | Archer |
| 25:18 | Create | Archer |
| 26:01 | Create | Villager (Male) |
| 26:13 | Research | Ballistics |
| 26:23 | Create | Villager (Male) |
| 26:23 | Create | Villager (Male) |
| 26:24 | Create | Archer |
| 26:24 | Create | Archer |
| 26:29 | Create | Archer |
| 26:40 | Create | Archer |
| 26:42 | Create | Villager (Male) |
| 26:45 | Create | Villager (Male) |
| 26:53 | Build | House |
Build order — jc
First 150 of 234 actions detected
| 0:00 | Create | Villager (Male) ×4 |
| 0:02 | Build | House |
| 0:03 | Build | House |
| 1:23 | Create | Villager (Male) |
| 1:49 | Create | Villager (Male) |
| 2:14 | Build | Lumber Camp |
| 2:26 | Create | Villager (Male) |
| 2:46 | Create | Villager (Male) |
| 3:06 | Create | Villager (Male) |
| 3:12 | Build | House |
| 3:52 | Create | Villager (Male) |
| 3:52 | Create | Villager (Male) |
| 4:16 | Create | Villager (Male) |
| 4:45 | Build | Mill |
| 4:46 | Create | Villager (Male) |
| 5:18 | Create | Villager (Male) |
| 5:38 | Create | Villager (Male) |
| 6:10 | Research | Loom |
| 6:15 | Create | Villager (Male) |
| 6:16 | Research | Loom |
| 7:19 | Research | Feudal Age |
| 7:55 | Build | Barracks |
| 8:01 | Create | Villager (Male) |
| 8:47 | Build | House |
| 8:54 | Build | House |
| 9:10 | Build | Palisade Wall |
| 9:29 | Age | Feudal Age |
| 9:39 | Build | Stable |
| 9:42 | Research | Town Watch |
| 9:42 | Create | Villager (Male) |
| 9:49 | Research | Double-Bit Axe |
| 9:50 | Create | Villager (Male) |
| 10:10 | Create | Scout Cavalry |
| 10:10 | Create | Scout Cavalry |
| 10:11 | Create | Scout Cavalry |
| 10:36 | Build | Farm |
| 10:36 | Build | Farm |
| 10:36 | Build | Farm |
| 10:52 | Create | Scout Cavalry |
| 10:53 | Create | Villager (Male) |
| 10:55 | Build | Farm |
| 11:07 | Create | Scout Cavalry |
| 11:16 | Create | Villager (Male) |
| 11:29 | Create | Villager (Male) |
| 12:00 | Create | Villager (Male) |
| 12:56 | Build | House |
| 12:59 | Build | Palisade Wall |
| 13:14 | Create | Scout Cavalry |
| 13:15 | Create | Villager (Male) |
| 13:27 | Build | Blacksmith |
| 13:38 | Create | Scout Cavalry |
| 13:46 | Build | House |
| 13:57 | Create | Scout Cavalry |
| 13:58 | Create | Villager (Male) |
| 14:09 | Create | Villager (Male) |
| 14:13 | Build | Farm |
| 14:14 | Create | Villager (Male) |
| 14:22 | Create | Scout Cavalry |
| 14:29 | Build | Farm |
| 14:30 | Build | Farm |
| 14:32 | Build | Farm |
| 14:34 | Create | Villager (Male) |
| 14:56 | Research | Scale Barding Armor |
| 15:30 | Build | House |
| 15:33 | Build | Farm |
| 15:38 | Create | Scout Cavalry |
| 15:39 | Create | Scout Cavalry |
| 15:44 | Build | Mining Camp |
| 16:00 | Build | House |
| 16:02 | Build | House |
| 16:06 | Build | Farm |
| 16:07 | Build | Farm |
| 16:08 | Build | Farm |
| 16:11 | Build | Farm |
| 16:13 | Build | Farm |
| 16:14 | Build | Farm |
| 16:16 | Create | Scout Cavalry |
| 16:17 | Create | Villager (Male) |
| 16:24 | Build | Farm |
| 16:53 | Create | Scout Cavalry |
| 16:54 | Create | Villager (Male) |
| 16:58 | Build | Farm |
| 17:17 | Create | Scout Cavalry |
| 17:17 | Create | Villager (Male) |
| 17:25 | Create | Villager (Male) |
| 17:31 | Build | Farm |
| 17:31 | Create | Villager (Male) |
| 17:35 | Create | Villager (Male) |
| 18:02 | Create | Scout Cavalry |
| 18:02 | Create | Villager (Male) |
| 18:08 | Build | Farm |
| 18:23 | Create | Scout Cavalry |
| 18:30 | Create | Scout Cavalry |
| 18:39 | Research | Forging |
| 19:14 | Create | Scout Cavalry |
| 19:15 | Create | Villager (Male) |
| 19:21 | Build | Mill |
| 19:22 | Build | Farm |
| 19:22 | Build | Farm |
| 19:22 | Build | Farm |
| 19:32 | Create | Scout Cavalry |
| 19:36 | Create | Villager (Male) |
| 19:44 | Build | Lumber Camp |
| 21:35 | Research | Castle Age |
| 21:57 | Build | Stable |
| 21:59 | Create | Villager (Male) |
| 22:19 | Create | Villager (Male) |
| 22:42 | Build | Stable |
| 23:26 | Build | Stone Wall |
| 23:29 | Build | Stone Wall |
| 24:15 | Age | Castle Age |
| 24:16 | Create | Knight |
| 24:16 | Create | Knight |
| 24:16 | Create | Knight |
| 24:17 | Create | Knight |
| 24:17 | Create | Knight |
| 24:20 | Research | Chain Barding Armor |
| 24:22 | Create | Knight |
| 24:25 | Create | Villager (Male) |
| 24:36 | Build | Building 490 |
| 24:53 | Research | Husbandry |
| 24:55 | Create | Knight |
| 24:56 | Create | Knight |
| 25:33 | Create | Knight |
| 25:34 | Create | Villager (Male) |
| 25:38 | Create | Villager (Male) |
| 25:52 | Build | Town Center |
| 25:53 | Create | Villager (Male) |
| 25:58 | Create | Knight |
| 25:58 | Create | Knight |
| 26:27 | Build | Market |
| 27:01 | Build | House |
| 27:01 | Build | House |
| 27:19 | Create | Villager (Male) |
| 27:34 | Create | Villager (Male) |
| 27:35 | Create | Villager (Male) |
| 27:35 | Create | Villager (Male) |
| 28:01 | Research | Fletching |
| 28:14 | Build | House |
| 28:32 | Build | Siege Workshop |
| 29:02 | Build | Farm |
| 29:06 | Create | Mangonel |
| 29:36 | Create | Mangonel |
| 29:45 | Create | Villager (Male) |
| 29:45 | Create | Villager (Male) |
| 29:46 | Create | Villager (Male) |
| 29:46 | Create | Villager (Male) |
| 29:47 | Create | Villager (Male) |
| 30:33 | Build | House |
| 30:34 | Build | House |
Match timeline
| 7:22 | Chill · first_building Barracks |
| 7:29 | AlberHanibal · wall_segment Palisade Wall x8 |
| 7:35 | The Immortal · first_building Barracks |
| 7:55 | jc · first_building Barracks |
| 8:26 | Chill · age_up feudal |
| 8:27 | The Immortal · age_up feudal |
| 8:28 | Chill · first_building Stable |
| 8:40 | The Immortal · first_building Archery Range |
| 8:41 | AlberHanibal · first_building Barracks |
| 8:52 | AlberHanibal · wall_segment Palisade Wall x16 |
| 9:10 | jc · wall_segment Palisade Wall x1 |
| 9:29 | jc · age_up feudal |
| 9:39 | jc · first_building Stable |
| 9:51 | AlberHanibal · age_up feudal |
| 9:54 | AlberHanibal · first_building Archery Range |
| 10:17 | Chill · wall_segment Palisade Wall x26 |
| 11:45 | The Immortal · first_market_sell 100 stone |
| 11:47 | The Immortal · first_market_buy 100 wood |
| 12:02 | AlberHanibal · wall_segment Palisade Wall x3 |
| 12:09 | The Immortal · wall_segment Palisade Wall x5 |
| 12:59 | jc · wall_segment Palisade Wall x15 |
| 19:44 | The Immortal · wall_segment Palisade Wall x1 |
| 19:48 | The Immortal · wall_segment Palisade Wall x1 |
| 21:14 | AlberHanibal · wall_segment Stone Wall x5 |
| 21:23 | AlberHanibal · wall_segment Stone Wall x3 |
| 21:24 | The Immortal · wall_segment Palisade Wall x1 |
| 21:44 | AlberHanibal · first_market_buy 500 food |
| 21:46 | AlberHanibal · first_market_sell 100 stone |
| 21:53 | Chill · first_market_buy 100 wood |
| 22:48 | AlberHanibal · wall_segment Stone Wall x2 |
| 23:21 | The Immortal · age_up castle |
| 23:26 | Chill · age_up castle |
| 23:26 | jc · wall_segment Stone Wall x5 |
| 23:29 | jc · wall_segment Stone Wall x2 |
| 24:15 | jc · age_up castle |
| 25:09 | AlberHanibal · wall_segment Stone Wall x1 |
| 25:11 | AlberHanibal · wall_segment Stone Wall x1 |
| 26:03 | AlberHanibal · age_up castle |
| 26:22 | Chill · first_market_sell 100 wood |
| 28:32 | jc · first_building Siege Workshop |
| 28:48 | jc · first_market_sell 100 food |
| 30:48 | jc · wall_segment Stone Wall x6 |
| 32:02 | AlberHanibal · wall_segment Stone Wall x6 |
| 34:11 | jc · first_building Castle |
| 34:12 | Chill · first_building Monastery |
| 34:55 | AlberHanibal · first_building Monastery |
| 35:34 | AlberHanibal · wall_segment Stone Wall x3 |
| 35:47 | The Immortal · first_building Monastery |
| 36:18 | AlberHanibal · wall_segment Stone Wall x3 |
| 36:55 | Chill · first_building Castle |
| 37:18 | AlberHanibal · wall_segment Stone Wall x1 |
| 39:06 | Chill · age_up imperial |
| 39:59 | The Immortal · age_up imperial |
| 40:06 | AlberHanibal · resign |
[ AI ANALYSIS · 1 CREDIT ]
What really happened in this match?
Wolo.gg analyzes every decision: build order, eco, micro, common mistakes by bracket. Personalized analysis on WhatsApp or Discord in 30 seconds.
Civ guide
Hindustanis
Perfil
Jugador #11894455